 Dungeon Crawl Stone Soup version 0.31-a0-986-g5e6e4ef867 (webtiles) character file.

Game seed: 15773375667864740344

5239 bmb222 the Martial Artist (level 10, 0/68 HPs)
             Began as an Octopode Shapeshifter on Nov 24, 2023.
             Slain by a bullfrog (6 damage)
             ... on level 8 of the Dungeon.
             The game lasted 00:16:54 (10974 turns).

bmb222 the Martial Artist (Octopode Shapeshifter)  Turns: 10974, Time: 00:16:55

Health: 0/68       AC:  1    Str: 25    XL:     10   Next: 61%
Magic:  10/10      EV: 16    Int: 13    God:
Gold:   207        SH:  0    Dex: 16    Spells: 9/9 levels left

rFire   . .          .
                       - Unarmed
rCold   . . .        (shield currently unavailable)
rNeg    . . .        (helmet restricted)
rPois   .            (no amulet)
rElec   .            g - +6 ring of strength
rCorr   +            v - ring of resist corrosion
SInv    .            D - +6 ring of strength
Will    .....        (no ring)
Stlth   +            (no ring)
HPRegen 0.31/turn    (no ring)
MPRegen 0.12/turn    (no ring)
                     (no ring)

%: no passive effects
@: confused, flux-form, slowed, glowing, very slow
A: glow, contaminating, almost no armour, amphibious, 8 rings, camouflage 1,
gelatinous body 1, (nimble swimmer 1), tentacles
a: Begin Untransformation


You were on level 8 of the Dungeon.
You were something dangerously unstable.
You visited 1 branch of the dungeon, and saw 8 of its levels.
You also visited: Ossuary and Bailey.

You collected 675 gold pieces.
You spent 468 gold pieces at shops.

Inventory:

Armour
 h - a +0 robe
 r - an orb of wrath
 u - the +0 hat of Altruism {rC+}
   (You acquired it in a bailey)

   rC+:       It protects you from cold.
Jewellery
 g - a +6 ring of strength (left tentacle)
 s - a ring of fire
 v - a ring of resist corrosion (right tentacle)
 D - a +6 ring of strength (on tentacle)
Talismans
 b - a beast talisman
 c - a flux talisman (active)
 B - a maw talisman
Scrolls
 k - 2 scrolls of immolation
 l - 5 scrolls of teleportation
 m - 2 scrolls of amnesia
 q - a scroll of blinking
 y - a scroll of enchant armour {unknown}
 z - 4 scrolls of fog {unknown}
 A - a scroll of torment {unknown}
 C - a scroll of revelation {unknown}
Potions
 a - 6 potions of lignification
 d - 2 potions of attraction
 e - 4 potions of curing
 f - 2 potions of brilliance
 i - 2 potions of ambrosia
 j - 3 potions of heal wounds
 n - a potion of might {unknown}
 o - 2 potions of degeneration
 p - a potion of cancellation {unknown}
 t - a potion of enlightenment
 w - 2 potions of haste {unknown}
 x - a potion of resistance {unknown}


   Skills:
 - Level 5.7 Fighting
 - Level 6.9 Dodging
 - Level 5.5 Stealth
 - Level 10.4 Unarmed Combat
 * Level 7.0 Shapeshifting


You had 9 spell levels left.
You didn't know any spells.
Your spell library contained the following spells:

 Spells                   Type           Power      Damage    Failure   Level
 Volatile Blastmotes      Fire/Tloc      0%         2d10      67%         3
 Fulminant Prism          Conj/Hex       0%         3d5       97%         4
 Iskenderun's Mystic Bla  Conj/Tloc      0%         2d3       97%         4


Dungeon Overview and Level Annotations

Branches:
Dungeon (8/15)             Temple (0/1) D:7         Ossuary (visited)
 Bailey (visited)
   Lair: D:8-11

Altars:
Cheibriados
Fedhas
Kikubaaqudgha
Nemelex Xobeh
Okawaru
Trog
Xom
The Shining One

Shops:
D:7 [*=?[

Annotations:
D:3 Grinder
D:7 1 runed translucent door, Crazy Yiuf
D:8 Erica


Innate Abilities, Weirdness & Mutations

You are something dangerously unstable.
You glow with magical radiation, making you easy to see and hit.
Foes you strike become dangerously contaminated with magical radiation.
You are incapable of wielding weapons or throwing items.
You cannot wear most types of armour.
You are amphibious.
You can wear up to eight rings at the same time.
Your skin changes colour to match your surroundings (Stealth+).
Your rubbery body absorbs attacks. (AC +1, EV +1)
((You are camouflaged when in or above water. (Stealth+)))
You have tentacles for arms and can constrict up to eight enemies at once.


Message History

You start waiting.
A sleepcap is nearby!
A sleepcap is nearby!
Erica shouts!
You hear a howl!
The sleepcap releases spores at you.
You are engulfed in a cloud of soporific spores!
You fall asleep.
The sleepcap releases spores at you!!
You wake up.
A wolf comes into view.
A bullfrog comes into view.
You bludgeon the sleepcap!
The sleepcap begins to glow.
You grab the sleepcap. You squeeze the sleepcap.
The sleepcap is heavily damaged.
You constrict the sleepcap.
Erica casts a spell.
Erica flickers and vanishes!
Deactivating autopickup; reactivate with Ctrl-A.
The sleepcap releases spores at you.
You are engulfed in a cloud of soporific spores!
You are unaffected.
You release your grip on the sleepcap.
The sleepcap attacks as it pursues you! The sleepcap misses you.
Something hits you! Something burns you.
There is a stone staircase leading up, spattered with blood here.
The bullfrog misses you.
You hear some strange, mumbled words.
You are confused.
The sleepcap barely misses you.
In your confused state, you trip and fall back down the stairs.
The bullfrog hits you.
You hear some strange, mumbled words.
You feel yourself slow down. The sleepcap barely misses you.
The bullfrog misses you.
Unknown command.
You can't go down here!
The sleepcap stops glowing.
The bullfrog barely misses you. Something hits you!
* * * LOW HITPOINT WARNING * * *
Something burns you.
* * * LOW HITPOINT WARNING * * *
The sleepcap misses you. The bullfrog hits you.
You die...

#.........~≈~~.
#.........~≈≈~≈ #######
#÷.........~.~~
.......#######..........≈~~≈
.......'.....+.....>..~!~≈~.
.......##.####........~~~.~.
....... #.............~≈~~~.
..~....######.........~≈~.~~
~~~~.........pf........~~...
~~~≈~S....###{F....?....~..$
~~~~~!.# ..h........~~~
~≈~~~.. .....#'#......~
....####.#.#.... ....
..#....#~ ... .......# ## ..
..


You could see a sleepcap, a wolf and a bullfrog.

Vanquished Creatures
  4 yaks (D:7)
  A wyvern (D:8)
  A steam dragon (D:6)
  Menkaure (D:7)
  10 orc warriors (Bailey)
  A black bear (D:4)
  An ice beast (D:8)
  An ogre (D:5)
  A wolf (D:8)
  A phantom (D:6)
  3 kobold brigands (D:5)
  3 bullfrogs
  12 scorpions
  5 wights (D:7)
  11 killer bees
  A centaur zombie (Ossuary)
  4 jellies
  3 orc priests
  2 hounds
  2 human zombies (Ossuary)
  An iguana (D:6)
  3 sleepcaps
  4 orc wizards
  3 scorpion zombies (Ossuary)
  3 mummies (Ossuary)
  11 gnolls
  10 adders
  2 white imps
  An ufetubus (D:8)
  4 worms
  3 dart slugs
  22 orcs
  3 endoplasms
  2 giant cockroaches
  2 gnoll zombies (Ossuary)
  16 goblins
  15 hobgoblins
  4 jackals
  47 kobolds
  3 quokkas
  3 ball pythons
  4 bats
  2 frilled lizards (D:1)
  4 goblin zombies (Ossuary)
  A hobgoblin zombie (Ossuary)
  2 kobold zombies (Ossuary)
  2 orc zombies (Ossuary)
  A quokka zombie (D:5)
  6 rats
  A rat zombie (D:3)
253 creatures vanquished.

Notes
Turn   | Place    | Note
-------+----------+-------------------------------------------
     0 | D:1      | bmb222 the Octopode Shapeshifter began the quest for the
                  | Orb.
     0 | D:1      | Reached XP level 1. HP: 13/13 MP: 1/1
   146 | D:1      | Reached XP level 2. HP: 13/18 MP: 2/2
   360 | D:1      | Reached XP level 3. HP: 23/23 MP: 3/3
   793 | D:2      | Reached skill level 4 in Unarmed Combat
  1277 | D:3      | Found an ancient bone altar of Kikubaaqudgha.
  1368 | D:3      | Reached XP level 4. HP: 28/28 MP: 4/4
  1401 | D:3      | Found an iron altar of Okawaru.
  1401 | D:3      | Found a glowing golden altar of the Shining One.
  1408 | D:3      | Found a bloodstained altar of Trog.
  1421 | D:3      | Found a blossoming altar of Fedhas.
  1425 | D:3      | Found a snail-covered altar of Cheibriados.
  1712 | D:3      | Reached skill level 1 in Stealth
  1725 | D:3      | Reached XP level 5. HP: 24/33 MP: 5/5
  1999 | D:3      | Noticed Grinder
  1999 | D:3      | Paralysed by Grinder for 3 turns
  2392 | D:4      | Noticed a black bear
  2572 | D:4      | Reached skill level 5 in Unarmed Combat
  2765 | D:4      | Killed a black bear
  2766 | D:4      | Reached XP level 6. HP: 20/38 MP: 6/6
  3569 | D:5      | Entered Level 5 of the Dungeon
  3762 | D:5      | Reached XP level 7. HP: 40/44 MP: 7/7
  3806 | D:5      | Reached skill level 5 in Stealth
  3806 | D:5      | Reached skill level 6 in Unarmed Combat
  3946 | D:5      | Found a sand-covered staircase.
  3953 | Ossuary  | Entered an ossuary
  4398 | Ossuary  | Reached skill level 7 in Unarmed Combat
  4408 | Ossuary  | Reached XP level 8. HP: 41/51 MP: 8/8
  4713 | Ossuary  | Reached skill level 8 in Unarmed Combat
  4922 | D:5      | Found a sparkling altar of Nemelex Xobeh.
  6032 | D:5      | Reached skill level 9 in Unarmed Combat
  6032 | D:5      | Reached XP level 9. HP: 43/57 MP: 9/9
  6462 | D:6      | Found a shimmering altar of Xom.
  6769 | D:6      | Reached skill level 5 in Dodging
  6784 | D:6      | Reached skill level 10 in Unarmed Combat
  7764 | D:7      | Noticed Menkaure
  7767 | D:7      | Found Kaurphyach's Jewellery Shop.
  7770 | D:7      | Killed Menkaure
  7855 | D:7      | Found Feleshev's Magic Scroll Boutique.
  7857 | D:7      | Found Oliacoab's Antique Armour Boutique.
  7863 | D:7      | Found a flagged portal.
  7889 | Bailey   | Entered a bailey
  8085 | Bailey   | Identified a scroll of acquirement
  8085 | Bailey   | Acquired the +0 hat of Altruism {rC+}
  8334 | Bailey   | Reached XP level 10. HP: 65/65 MP: 10/10
  8999 | Bailey   | Reached skill level 5 in Fighting
  8999 | Bailey   | Reached skill level 5 in Shapeshifting
  9340 | Bailey   | Noticed an orc warlord
  9477 | D:7      | Found Hysuawea's General Store.
  9493 | D:7      | Found Icotwul's Antique Armour Shop.
 10211 | D:7      | Found a runed translucent door.
 10212 | D:7      | Noticed Crazy Yiuf
 10277 | D:7      | Found a staircase to the Ecumenical Temple.
 10509 | D:7      | Bought a +6 ring of strength for 468 gold pieces
 10577 | D:8      | Noticed Erica
 10974 | D:8      | Slain by a bullfrog

Illustrated notes

Levels and vault maps discovered:
D:1:      scummos_arrival_checkerplants, layout_loops_cross
D:2:      layout_basic
D:3:      layout_loops_ring, lemuel_zombie_altar_kikubaaqudgha,
          minmay_overflow_temple_star_hex, uniq_grinder
D:4:      layout_layer_cave
D:5:      minmay_goblin_kobold_castle, layout_rooms, lemuel_doored_altar,
          enter_ossuary_4
D:6:      layout_loops_corners, marbit_many_paths
D:7:      layout_loops_cross, temple_hall, serial_shops,
          nicolae_shop_advertising_works [nicolae_subvault_shop_adworks], shop,
          shop, nicolae_shop_tiny_statue_garden, shop, enter_bailey_5,
          uniq_menkaure, uniq_crazy_yiuf_cottage
D:8:      layout_basic, serial_ice, serial_ice_f, serial_ice_g, serial_ice_j,
          serial_ice_h, serial_ice_m, serial_ice_n, serial_ice_b, serial_ice_a,
          biasface_ghost_orc_armoury, uniq_erica

Skill      XL: |  1  2  3  4  5  6  7  8  9 10 |
---------------+-------------------------------+-----
Unarmed Combat | 4 5 7 9 10 | 10.4
Stealth        | 2 3 4 5 |  5.5
Dodging        | 3 4 6 |  6.9
Fighting       | 2 3 4 5 |  5.7
Shapeshifting  | 4 7 |  7.0

Action                     |  1- 3 |  4- 6 |  7- 9 | 10-12 || total
---------------------------+-------+-------+-------+-------++-------
  Melee: Unarmed           |    65 |    85 |   289 |    84 ||   523
         Constrict         |    20 |    17 |    81 |    17 ||   135
         Tentacles         |    11 |    19 |    65 |    26 ||   121
         Punch             |     3 |     2 |    15 |     5 ||    25
    Use: Scroll            |       |     9 |     3 |     3 ||    15
         Potion            |       |       |     4 |       ||     4
   Stab: Sleeping          |     4 |     8 |    14 |     3 ||    29
         Distracted        |       |     1 |     1 |     1 ||     3
 Armour: Skin              |    23 |    29 |   114 |    38 ||   204
  Dodge: Dodged            |    28 |    34 |   160 |    56 ||   278
   Form: Flux              |       |       |       |     1 ||     1

Table legend: (Time is in decaauts)
 A = Elapsed time spent in this place.
 B = Non-inter-level travel time spent in this place.
 C = Inter-level travel time spent in this place.
 D = Time resting spent in this place.
 E = Time spent auto-exploring this place.
 F = Levels seen in this place.
 G = Mean time per level.
                   A        B        C        D        E       F      G
               +--------+--------+--------+--------+--------+-----+--------+
         Total |  10900 |  10596 |    304 |   3366 |   4705 |  10 | 1090.0 |
       Dungeon |   8530 |   8226 |    304 |   1706 |   4560 |   8 | 1066.2 |
       Ossuary |    905 |    905 |      0 |    507 |    104 |   1 |  905.0 |
        Bailey |   1464 |   1464 |      0 |   1153 |     41 |   1 | 1464.0 |
               +--------+--------+--------+--------+--------+-----+--------+

Top non-repeatable levels by time:
     D:5: 1848 daAuts
  Bailey: 1464 daAuts
     D:7: 1389 daAuts
     D:6: 1342 daAuts
     D:4: 1219 daAuts
     D:3: 1140 daAuts
 Ossuary: 905 daAuts
     D:1: 769 daAuts
     D:2: 488 daAuts
     D:8: 332 daAuts
